 Dungeon Crawl Stone Soup version 0.19-a0-45-g2c295ea (webtiles) character file.

98 wvc the Ruffian (level 4, 0/39 HPs)
             Began as a Minotaur Monk on May 5, 2016.
             Succumbed to kobold's curare-tipped needle
             ... on level 3 of the Dungeon.
             The game lasted 00:02:23 (1490 turns).

wvc the Ruffian (Minotaur Monk)                     Turns: 1490, Time: 00:02:23

Health: 0/39       AC:  5    Str: 13 (16) XL:     4   Next: 44%
Magic:  3/3        EV: 11    Int: 12 (13) God:
Gold:   92         SH:  0    Dex: 11 (12) Spells: 0 memorised, 3 levels left

rFire  + . .     SeeInvis .       - Unarmed
rCold  + . .     Gourm    .     l - +0 ring mail
rNeg   . . .     Faith    .     (no shield)
rPois  +         Spirit   .     (helmet restricted)
rElec  +         Dismiss  .     (no cloak)
rCorr  +         Reflect  .     (no gloves)
SustAt .         Harm     .     (no boots)
MR     .....                    (no amulet)
Stlth  +.........               (no ring)
                                (no ring)

@: brilliant, lethally poisoned (0 -> -11), resistant, flying, slowed, very
slow, not resistant to hostile enchantments, very unstealthy
A: retaliatory headbutt, horns 2
a: no special abilities


You were on level 3 of the Dungeon.
You were not hungry.

You visited 1 branch of the dungeon, and saw 3 of its levels.

You collected 92 gold pieces.

Inventory:

Missiles
 c - 15 poisoned needles
 f - a throwing net (quivered)
Armour
 l - a +0 ring mail (worn)
 r - a +0 shield
Jewellery
 a - an uncursed ring of ice
Scrolls
 e - 2 scrolls of magic mapping {unknown}
 i - 2 scrolls of teleportation {unknown}
 k - 4 scrolls of identify {unknown}
 m - a scroll of fog {unknown}
 p - a scroll of enchant weapon {unknown}
 q - 2 scrolls of enchant armour {unknown}
 u - a scroll of recharging {unknown}
Potions
 g - a potion of degeneration
 j - a potion of flight
 s - a potion of ambrosia {unknown}
Comestibles
 b - 2 bread rations
 d - a beef jerky
 h - 2 meat rations


   Skills:
 - Level 3.6 Fighting
 - Level 3.2 Dodging
 - Level 1.5 Stealth
 + Level 6.5 Unarmed Combat


You had 3 spell levels left.
You didn't know any spells.

Dungeon Overview and Level Annotations

Branches:
Dungeon (3/15)

Altars:


Innate Abilities, Weirdness & Mutations

You reflexively headbutt those who attack you in melee.
You have a pair of horns on your head.


Message History

It was a potion of degeneration.
There was something very wrong with that liquid.
You feel weakened.
You feel dopey.
You feel clumsy.
* * * LOW HITPOINT WARNING * * *
You feel sick.
Drink which item? (? for menu, Esc to quit)
It was a potion of flight.
You feel very buoyant.
You fly up into the air.
* * * LOW HITPOINT WARNING * * *
You feel sick.
Drink which item? (? for menu, Esc to quit)
It was a potion of brilliance.
You feel clever all of a sudden.
* * * LOW HITPOINT WARNING * * *
You feel sick.
Drink which item? (? for menu, Esc to quit)
It was a potion of resistance.
You feel protected.
You die...

... ..# .. #.#
#.# #.####.##
####.#
#.......###....#
#...#...#.....<#
#...#<†.##.#.###
#..##........#
#.)..........#
##@##..#######
#(.#....#
##.##.#.#
#..#.#.# ##.#.#
# #######.#.#
......†...#
..........#
..........#


There were no monsters in sight!

Vanquished Creatures
  4 adders (D:2)
  An ooze (D:2)
  A worm (D:2)
  4 dart slugs
  A giant gecko (D:2)
  4 bats
  4 giant cockroaches (D:2)
  4 hobgoblins
  3 jackals (D:1)
  3 giant newts
  7 goblins
  4 kobolds
  8 rats
48 creatures vanquished.

Notes
Turn   | Place    | Note
--------------------------------------------------------------
     0 | D:1      | wvc the Minotaur Monk began the quest for the Orb.
     0 | D:1      | Reached XP level 1. HP: 19/19 MP: 0/0
   252 | D:1      | Reached XP level 2. HP: 26/26 MP: 1/1
   349 | D:1      | Reached skill level 5 in Unarmed Combat
   724 | D:2      | Reached XP level 3. HP: 31/31 MP: 2/2
  1001 | D:2      | Reached skill level 6 in Unarmed Combat
  1020 | D:2      | Reached XP level 4. HP: 35/39 MP: 3/3
  1490 | D:3      | Succumbed to kobold's curare-tipped needle

Vault maps used:
D:1:      dpeg_arrival_round_c
D:2:      minmay_circled_x
D:3:      first_bread, tgw_kikubaaqudgha

Skill      XL: |  1  2  3 |
---------------+----------+-----
Unarmed Combat | 5 6 |  6.5
Fighting       | |  3.6
Dodging        | |  3.2
Stealth        | |  1.5

Action                   |  1- 3 |  4- 6 || total
-------------------------+-------+-------++-------
Melee: Unarmed           |    96 |    29 ||   125
       Headbutt          |    14 |     1 ||    15
       Punch             |     1 |       ||     1
  Use: Potion            |       |     4 ||     4
  Eat: Chunk             |       |     2 ||     2
Armor: Scale mail        |     5 |       ||     5
       Ring mail         |    19 |     9 ||    28
Dodge: Dodged            |    58 |     9 ||    67
